 Dungeon Crawl Stone Soup version 0.20-a0-1088-gd50b1d5 (webtiles) character file.

34 Murumi the Sneak (level 3, -3/26 HPs)
             Began as a Vampire Enchanter on May 2, 2017.
             Slain by endorz's ghost (18 damage)
             ... on level 3 of the Dungeon.
             The game lasted 00:05:01 (2011 turns).

Murumi the Sneak (Vampire Enchanter)                Turns: 2011, Time: 00:05:02

Health: -3/26      AC:  2    Str:  7    XL:     3   Next: 14%
Magic:  0/6        EV: 13    Int: 17    God:
Gold:   104        SH:  0    Dex: 15    Spells: 0/6 levels left

rFire    . . .     SeeInvis +   a - +2 dagger
rCold    + + .     Gourm    .   (no shield)
rNeg     + + +     Faith    .   b - +0 robe
rPois    ∞         Spirit   .   (no helmet)
rElec    .         Reflect  .   (no cloak)
rCorr    .         Harm     .   (no gloves)
MR       .....                  (no boots)
Stlth    +++++.....             (no amulet)
Regen    0.0/turn               f - ring of poison resistance
MPRegen  0.1/turn               g - ring of positive energy

@: bloodless, non-regenerating
A: fangs 3, see invisible, unbreathing
a: Bat Form


You were on level 3 of the Dungeon.
You were bloodless.

You visited 1 branch of the dungeon, and saw 3 of its levels.

You collected 104 gold pieces.

Inventory:

Hand Weapons
 a - a +2 dagger (weapon)
Armour
 b - a +0 robe (worn)
Jewellery
 f - a ring of poison resistance (left hand)
 g - a ring of positive energy (right hand)
Scrolls
 e - a scroll of enchant weapon
 h - a scroll of enchant armour {unknown}
 l - a scroll of identify
 m - a scroll of random uselessness {unknown}
Potions
 d - 13 potions of blood
 i - a potion of berserk rage
 j - a potion of brilliance
 k - a potion of invisibility
Books
 c - a book of Maledictions

   Spells                             Type                      Level
   a - Corona                         Hexes                        1
   b - Ensorcelled Hibernation        Hexes/Ice                    2
   c - Confuse                        Hexes                        3
   d - Tukima's Dance                 Hexes                        3
   e - Dazzling Spray                 Conjuration/Hexes            3


   Skills:
 - Level 1.0 Fighting
 - Level 1.1 Short Blades
 - Level 2.1 Dodging
 + Level 6.1 Stealth
 - Level 2.0 Spellcasting
 - Level 4.4 Hexes


You couldn't memorise any spells.
You knew the following spells:

 Your Spells              Type           Power        Failure   Level  Hunger
a - Corona                Hex            ###....      3%          1    #......
b - Ensorcelled Hibernat  Hex/Ice        #.....       12%         2    ###....
c - Confuse               Hex            ###.....     10%         3    ###....


Dungeon Overview and Level Annotations

Branches:
Dungeon (3/15)

Altars:

Annotations:
D:3 endorz's ghost, amateur FoFi


Innate Abilities, Weirdness & Mutations

You do not heal naturally.
You are immune to poison.
You have razor-sharp teeth.
You have supernaturally acute eyesight. (SInv)
You can survive without breathing.


Message History

You hit endorz's ghost but do no damage.
Endorz's ghost shouts, "You will never get the ORB!"
Endorz's ghost hits you.
Casting: Ensorcelled Hibernation
Confirm with . or Enter, or press ? or * to list all spells.
Aiming: Confuse
Press: ? - help, Shift-Dir - straight line, f - endorz's ghost
Aim: endorz's ghost (chance to defeat MR: 35%) Endorz's ghost easily resists.
Endorz's ghost hits you.
Casting: Confuse
Confirm with . or Enter, or press ? or * to list all spells.
Aiming: Confuse
Press: ? - help, Shift-Dir - straight line, f/p - endorz's ghost
Aim: endorz's ghost (chance to defeat MR: 35%) Endorz's ghost easily resists.
Endorz's ghost hits you!
You hit endorz's ghost.
Endorz's ghost is lightly damaged.
Endorz's ghost hits you!!
Ouch! That really hurt!
You die...

### ....
.....
...######
......###..
#.>.......
#.@.......
#W.#.#.#.#
#... ..
#..#. .#
#..#.# #
#... # #.##
..# #. #.#


You could see endorz's ghost.

Vanquished Creatures
  A worm (D:2)
  2 dart slugs (D:2)
  2 leopard geckos
  4 bats
  4 goblins
  2 hobgoblins
  A quokka (D:2)
  2 frilled lizards
  3 kobolds (D:2)
  4 rats
25 creatures vanquished.

Notes
Turn   | Place    | Note
-------+----------+-------------------------------------------
     0 | D:1      | Murumi the Vampire Enchanter began the quest for the Orb.
     0 | D:1      | Reached XP level 1. HP: 13/13 MP: 3/3
   434 | D:1      | Reached skill level 5 in Stealth
   833 | D:1      | Reached XP level 2. HP: 16/20 MP: 3/5
   837 | D:1      | Learned a level 2 spell: Ensorcelled Hibernation
  1226 | D:2      | Reached skill level 1 in Fighting
  1702 | D:2      | Reached XP level 3. HP: 21/26 MP: 3/6
  1707 | D:2      | Learned a level 3 spell: Confuse
  1776 | D:2      | Reached skill level 6 in Stealth
  2007 | D:3      | Noticed endorz's ghost (amateur FoFi)
  2011 | D:3      | Slain by endorz's ghost

Vault maps used:
D:1:      minmay_arrival_three_doors

Skill      XL: |  1  2  3 |
---------------+----------+-----
Stealth        | 5 6 |  6.1
Fighting       | 1 |  1.0
Short Blades   | |  1.1
Dodging        | |  2.1
Spellcasting   | |  2.0
Hexes          | |  4.4

Action                   || total
-------------------------++-------
Melee: Dagger            ||    64
       Bite              ||     2
 Cast: Corona            ||     4
       Ensorcelled Hiber ||    11
       Confuse           ||     2
  Use: Scroll            ||     5
 Stab: Sleeping          ||    12
       Distracted        ||     1
Armor: Robe              ||    17
Dodge: Dodged            ||    44
